 Dungeon Crawl Stone Soup version 0.24.0-13-gcf9b3192b9 (webtiles) character file.

Game seed: 1716098788487501786, levelgen mode: deterministic

115631 Ponchio the Fighter (level 16, -10/85 HPs)
             Began as a Gargoyle Fighter on Nov 9, 2019.
             Was the Champion of the Shining One.
             Mangled by a flayed ghost (19 damage)
             ... on level 2 of the Abyss.
             The game lasted 01:26:14 (22839 turns).

Ponchio the Fighter (Gargoyle Fighter)             Turns: 22839, Time: 01:26:15

Health: -10/85     AC: 24    Str: 10 (11) XL:     16   Next: 69%
Magic:  11/11      EV: 14    Int:  6 (7)  God:    the Shining One [******]
Gold:   1735       SH: 14    Dex:  7 (10) Spells: 15/15 levels left

rFire    + . .     SeeInvis .   E - +4 whip (elec)
rCold    + + .     Gourm    .   c - +2 shield
rNeg     + + +     Faith    .   s - +5 ring mail of Free Will {rPois MR+++ Str-5}
rPois    ∞         Spirit   .   (no helmet)
rElec    +         Reflect  .   U - scarf {rC+ rF+}
rCorr    .         Harm     .   I - +0 pair of gloves
MR       ++++.     Rnd*Rage +   W - +0 pair of boots Stlth ..........Rnd*Tele +
                                (no amulet)
HPRegen  0.00/turn              X - ring of wizardry
MPRegen  0.12/turn              q - ring of protection from cold

@: berserk cooldown, flying, slowed, glowing, very slow
A: big wings, [berserk 3], [blurry vision 3], [clumsy 2], [deformed body],
deterioration 1[+1], [dopey 2], [frail 3], [low mp 3], negative energy
resistance 1, robust 1, [screaming 3], electricity resistance, [inhibited
regeneration], [teleportitis 3], [weak 2], unbreathing, petrification
resistance, [no potion heal 3], rot immunity, [subdued magic 3], AC +12
a: Stop Flying, Divine Shield, Cleansing Flame, Summon Divine Warrior, Brand
Weapon With Holy Wrath, Renounce Religion


You were on level 2 of the Abyss.
You worshipped the Shining One.
The Shining One was exalted by your worship.
You were very hungry.

You visited 3 branches of the dungeon, and saw 21 of its levels.
You visited the Abyss 1 time.
You also visited: Bailey.

You collected 2019 gold pieces.
You spent 284 gold pieces at shops.

Inventory:

Hand Weapons
 A - a +2 whip of venom
 E - a +4 whip of electrocution (weapon)
 F - a +2 flail of holy wrath
 J - a +1 mace of protection
Armour
 c - a +2 shield (worn)
 l - a +2 helmet
 o - a +1 hat of intelligence
 p - a +0 cloak
 s - the +5 ring mail of Free Will (worn) {rPois MR+++ Str-5}
   (You found it on level 6 of the Dungeon)

   It affects your strength (-5).
   It protects you from poison.
   It affects your resistance to hostile enchantments.
 I - a +0 pair of gloves (worn)
 K - a scarf of cloud immunity
 U - a scarf of resistance (worn)
 W - a +0 pair of boots (worn)
Jewellery
 j - an uncursed ring of teleportation
 q - a ring of protection from cold (right hand)
 y - an uncursed ring of attention
 Q - a +2 ring of strength
 R - an uncursed ring of ice
 V - an uncursed ring of poison resistance {unknown}
 X - a ring of wizardry (left hand)
Wands
 b - a wand of digging (3)
 g - a wand of polymorph (17)
 x - a wand of flame (33)
 C - a wand of enslavement (17)
 G - a wand of disintegration (13)
 O - a wand of paralysis (9)
 T - a wand of acid (8)
Scrolls
 i - a scroll of enchant weapon
 n - 5 scrolls of immolation
 t - 10 scrolls of teleportation
 v - 3 scrolls of fear
 z - a scroll of vulnerability
 D - 5 scrolls of blinking
 H - 4 scrolls of remove curse
 M - 3 scrolls of enchant armour
 N - 4 scrolls of magic mapping
 P - a scroll of amnesia
 S - a scroll of fog
Potions
 a - 3 potions of cancellation
 d - 5 potions of might
 e - 3 potions of ambrosia
 h - 9 potions of curing
 k - 6 potions of heal wounds
 m - 3 potions of haste
 r - 2 potions of lignification
 u - 3 potions of brilliance
 w - 11 potions of degeneration
 B - a potion of magic
 L - 2 potions of flight
Comestibles
 f - 39 rations


   Skills:
 - Level 14.4 Fighting
 - Level 13.2 Maces & Flails
 - Level 8.6 Armour
 - Level 13.3 Dodging
 - Level 14.2 Shields
 + Level 0.0 Invocations


You had 15 spell levels left.
You didn't know any spells.
Your spell library contained the following spells:

 Spells                   Type           Power        Failure   Level  Hunger
 Flame Tongue             Conj/Fire      #....        32%         1    ##.....
 Poisonous Vapours        Pois/Air       #.....       45%         2    ###....
 Throw Flame              Conj/Fire      #.....       45%         2    ###....
 Conjure Flame            Conj/Fire      #.......     71%         3    ####...
 Inner Flame              Hex/Fire       #.......     71%         3    ####...
 Mephitic Cloud           Conj/Pois/Air  #.......     71%         3    ####...
 Sticky Flame             Conj/Fire      #.......     98%         4    #####..
 Borgnjor's Vile Clutch   Necr/Erth      #.........   100%        5    ######.
 Dispel Undead            Necr           #.......     100%        5    ######.
 Fireball                 Conj/Fire      #.........   100%        5    ######.
 Irradiate                Conj/Tmut      #.........   100%        5    ######.
 Freezing Cloud           Conj/Ice/Air   #.........   100%        6    #######
 Hydra Form               Tmut           #.........   100%        6    #######
 Invisibility             Hex            #.......     100%        6    #######
 Dragon Form              Tmut           #.........   100%        7    #######
 Ring of Flames           Chrm/Fire      #.........   100%        7    #######
 Statue Form              Tmut/Erth      Unusable     N/A         6    N/A

Dungeon Overview and Level Annotations

Branches:
Dungeon (13/15) Temple (0/1) D:7 Lair (6/6) D:11 Shoals (0/4) Lair:4 Spider (0/4) Lair:2 Orc (2/2) D:11 Elf (0/3) Orc:2 Vaults (0/5) D:12 D:13 Bailey (visited) Slime: Lair:5-6

Altars:
Cheibriados
Gozag
Makhleb
Nemelex Xobeh
Okawaru
Qazlal
Sif Muna
Trog
Uskayaw
Wu Jian
Xom
Zin
The Shining One

Shops:
D:8 !   D:9 !   Orc:1 (   Orc:2 }}%?

Annotations:
D:7 Joseph
D:13 Sonja
Lair:2 exclusion: oklob plant
Lair:3 1 runed translucent door, Voldus's ghost, journeyman TrBe
Lair:5 exclusion: oklob plant


Innate Abilities, Weirdness & Mutations

You are resistant to torment.
Your stone body is resilient. (AC +12)
You are immune to poison.
Your large and strong wings let you fly indefinitely.
You resist negative energy. (rN+)
You are resistant to electric shocks. (rElec)
You can survive without breathing.
You are immune to petrification.
You are immune to rotting.
You are robust. (+10% HP)
[You have an uncontrollable temper.]
[Scrolls take you much longer to read.]
[You are very clumsy. (Dex -4)]
[Armour fits poorly on your strangely shaped body.]
[Your body often deteriorates upon taking damage.]
[You are very dopey. (Int -4)]
[You are extremely frail. (-30% HP)]
[Your magical capacity is extremely low. (-30% MP)]
[You frequently scream uncontrollably at your foes.]
[You do not regenerate when monsters are visible.]
[You are often teleported next to monsters.]
[You are very weak. (Str -4)]
[Potions cannot restore your health.]
[Your spells are much easier to cast, but much less powerful.]


Message History

The flayed ghost is lightly damaged.
The flayed ghost closely misses you.
Okay, then.
The wretched star glows turbulently.
You block the orb of energy.
A wraith comes into view.
You feel a strong urge to attack something.
You are no longer berserk.
You are exhausted.
You feel yourself slow down.
You fail to use your ability.
Okay, then.
A large abomination comes into view.
Unknown command.
The flayed ghost hits you but does no damage.
The phantasmal warrior blinks!
You block the flayed ghost's attack.
You block the phantasmal warrior's attack.
The wretched star pulses with an eldritch light!
The flayed ghost hits you!!
You die...

.≈≈# ..≈≈# ...≈≈#
....≈≈# .....≈≈
......≈###
...#...'.#
.≈.....@.#
..#....XW######
......≈#W.....##
......≈#.*W....#
....≈≈##.#.....#
...#≈.#.....*..###
#..###..#.###....#
## #######...#.
#.......# #


You could see 2 wretched stars, a flayed ghost, a large abomination, a
phantasmal warrior and a wraith.

Vanquished Creatures
  Nessos (D:12)
  Snorg (Orc:1)
  Josephine (D:10)
  8 hydras
  Harold (D:11)
  Fannar (Lair:1)
  2 centaur warriors (D:12)
  4 ogre magi (Orc:2)
  16 two-headed ogres
  Urug (D:12)
  An orc high priest (Orc:1)
  A wretched star (Abyss:2)
  2 large abominations (Abyss:2)
  An unseen horror (D:10)
  A death drake (shapeshifter) (Abyss:2)
  Pikel (D:5)
  3 cyclopes
  3 orc sorcerers
  A manticore (D:12)
  3 orc knights
  20 elephants
  A worldbinder (Abyss:2)
  6 black mambas
  12 spiny frogs
  2 centaur skeletons
  4 rime drakes
  9 komodo dragons
  2 kobold demonologists
  3 ancient zymes (Abyss:2)
  A tengu conjurer (D:13)
  5 trolls
  7 polar bears
  6 hornets
  Prince Ribbit (D:5)
  11 dream sheep (Lair:4)
  12 hippogriffs
  22 blink frogs
  A snapping turtle (Lair:4)
  13 spriggans
  2 shadows
  3 wyverns
  A vampire (Abyss:2)
  3 wraiths (D:10)
  57 yaks
  2 basilisks
  15 humans
  A steam dragon (D:9)
  4 wargs
  An acid dragon (D:12)
  11 water moccasins
  14 porcupines
  A swamp drake (D:11)
  18 orc warriors
  2 ice beasts
  5 black bears
  2 phantoms
  5 sky beasts
  5 boggarts (Lair:6)
  31 wolves
  2 small abominations (Abyss:2)
  32 ogres
  5 centaurs
  9 crocodiles
  A big kobold (D:8)
  12 bullfrogs
  2 wyvern skeletons
  10 killer bees
  5 scorpions
  18 wights
  3 electric eels
  2 crimson imps
  3 bullfrog zombies
  3 bullfrog skeletons
  5 hounds
  13 orc priests
  An iron imp (D:4)
  A jelly (D:6)
  A gnoll shaman (D:7)
  2 iguanas (D:9)
  12 worker ants
  12 orc wizards
  A worker ant zombie (D:11)
  16 gnolls
  13 adders
  4 shadow imps
  2 white imps (Abyss:2)
  An ufetubus (Abyss:2)
  An adder skeleton (D:6)
  10 dart slugs
  5 leopard geckos
  84 orcs
  A ball python (D:5)
  7 bats
  4 giant cockroaches
  18 goblins
  10 hobgoblins
  2 jackals (D:10)
  13 kobolds
  7 quokkas
  5 frilled lizards
  A leopard gecko skeleton (D:2)
  2 quokka skeletons
  7 rats
742 creatures vanquished.

Vanquished Creatures (others)
  A worldbinder (Abyss:2)
  A human (D:13)
  A slave (D:5)
  An ogre (Orc:2)
  A howler monkey (D:5)
  A bullfrog skeleton (D:5)
  3 bushes (Lair:6)
  33 fungi
  5 plants (Lair:6)
  2 starspawn tentacles (Abyss:2)
49 creatures vanquished.

Grand Total: 791 creatures vanquished

Notes
Turn   | Place    | Note
-------+----------+-------------------------------------------
     0 | D:1      | Ponchio the Gargoyle Fighter began the quest for the Orb.
     0 | D:1      | Reached XP level 1. HP: 14/14 MP: 1/1
   317 | D:1      | Reached XP level 2. HP: 19/19 MP: 2/2
   575 | D:1      | Reached XP level 3. HP: 24/24 MP: 3/3
  1068 | D:2      | Found a glowing golden altar of the Shining One.
  1074 | D:2      | Became a worshipper of the Shining One
  1146 | D:2      | Reached XP level 4. HP: 27/30 MP: 4/4
  1610 | D:3      | You fall into a shaft and drop 3 floors!
  1615 | D:6      | Got a warped ring mail
  1636 | D:6      | Reached XP level 5. HP: 34/34 MP: 5/5
  1664 | D:6      | Identified the +5 ring mail of Free Will {rPois MR+++
                  | Str-5} (You found it on level 6 of the Dungeon)
  1697 | D:6      | Reached skill level 5 in Fighting
  1722 | D:6      | Reached XP level 6. HP: 30/40 MP: 6/6
  1901 | D:6      | Noticed a sky beast
  1910 | D:6      | Killed a sky beast
  1910 | D:6      | Reached skill level 5 in Maces & Flails
  1927 | D:5      | Entered Level 5 of the Dungeon
  1930 | D:5      | You fall into a shaft and drop 3 floors!
  1935 | D:8      | Noticed a hippogriff
  1949 | D:8      | Killed a hippogriff
  1949 | D:8      | Reached XP level 7. HP: 27/47 MP: 7/7
  2135 | D:7      | Reached * piety under the Shining One
  2253 | D:7      | Found a staircase to the Ecumenical Temple.
  2315 | D:7      | Reached XP level 8. HP: 48/53 MP: 8/8
  2478 | D:7      | Noticed Joseph
  2508 | D:7      | Found a burning altar of Makhleb.
  3206 | D:5      | Noticed Pikel
  3227 | D:5      | Killed Pikel
  3227 | D:5      | Reached XP level 9. HP: 50/62 MP: 9/9
  3266 | D:5      | Noticed Prince Ribbit
  3279 | D:5      | Killed Prince Ribbit
  3285 | D:4      | Found a sparkling altar of Nemelex Xobeh.
  3301 | D:4      | Reached skill level 10 in Fighting
  3303 | D:4      | Reached ** piety under the Shining One
  3309 | D:4      | Found a burning altar of Makhleb.
  3309 | D:4      | Found a bloodstained altar of Trog.
  3357 | D:4      | Found an opulent altar of Gozag.
  3357 | D:4      | Found a shimmering blue altar of Sif Muna.
  4242 | D:4      | Found a shimmering altar of Xom.
  4243 | D:4      | Found a snail-covered altar of Cheibriados.
  4431 | D:4      | Found a glowing silver altar of Zin.
  4434 | D:4      | Found a hide-covered altar of Uskayaw.
  4558 | D:4      | Reached skill level 1 in Dodging
  4562 | D:4      | Found a snail-covered altar of Cheibriados.
  5642 | D:6      | Reached XP level 10. HP: 68/68 MP: 10/10
  5836 | D:7      | Reached *** piety under the Shining One
  5989 | D:7      | Found an iron altar of Okawaru.
  6030 | D:8      | Found Teobuk's Distillery.
  6043 | D:8      | Bought a potion of heal wounds for 65 gold pieces
  6161 | D:8      | Reached skill level 5 in Shields
  6183 | D:8      | Reached skill level 5 in Armour
  6480 | D:8      | Found a stormy altar of Qazlal.
  6687 | D:9      | Found Soluc's Distillery.
  6718 | D:9      | Bought a potion of heal wounds for 85 gold pieces
  6718 | D:9      | Bought a potion of heal wounds for 85 gold pieces
  6833 | D:9      | Found an ornate altar of the Wu Jian Council.
  6967 | D:9      | Found a flagged portal.
  6976 | Bailey   | Entered a bailey
  7010 | Bailey   | Reached skill level 5 in Dodging
  7035 | Bailey   | Noticed an orc sorcerer
  7048 | Bailey   | Killed an orc sorcerer
  7053 | Bailey   | Noticed an orc knight
  7053 | Bailey   | Noticed a kobold demonologist
  7077 | Bailey   | Killed an orc knight
  7084 | Bailey   | Killed a kobold demonologist
  7330 | Bailey   | Reached XP level 11. HP: 66/73 MP: 11/11
  7368 | Bailey   | Found an iron altar of Okawaru.
  7696 | Bailey   | Noticed an orc knight
  7712 | Bailey   | Killed an orc knight
  8056 | D:10     | Entered Level 10 of the Dungeon
  8258 | D:10     | Noticed an unseen horror
  8269 | D:10     | Killed an unseen horror
  8411 | D:10     | Reached **** piety under the Shining One
  8413 | D:10     | Noticed Josephine
  8448 | D:10     | Killed Josephine
  8898 | D:10     | Gained mutation: [You are dopey. (Int -2)] [potion of
                  | mutation]
  8898 | D:10     | Gained mutation: You are robust. (+10% HP) [potion of
                  | mutation]
  8898 | D:10     | Gained mutation: Your natural rate of healing is unusually
                  | fast. [potion of mutation]
  8899 | D:10     | Lost mutation: [You are dopey. (Int -2)] [potion of
                  | mutation]
  8899 | D:10     | Lost mutation: You are robust. (+10% HP) [potion of
                  | mutation]
  8899 | D:10     | Gained mutation: You have supernaturally acute eyesight.
                  | (SInv) [potion of mutation]
  8899 | D:10     | Gained mutation: You have large cloven feet. [potion of
                  | mutation]
  8899 | D:10     | Gained mutation: Your muscles are strong. (Str +2) [potion
                  | of mutation]
  8899 | D:10     | Gained mutation: You have a pair of small horns on your
                  | head. [potion of mutation]
  8900 | D:10     | Lost mutation: Your muscles are strong. (Str +2) [potion of
                  | mutation]
  8900 | D:10     | Lost mutation: You have a pair of small horns on your head.
                  | [potion of mutation]
  8900 | D:10     | Lost mutation: You have large cloven feet. [potion of
                  | mutation]
  8900 | D:10     | Gained mutation: [You are dopey. (Int -2)] [potion of
                  | mutation]
  8900 | D:10     | Gained mutation: You are resistant to hostile enchantments.
                  | (MR+) [potion of mutation]
  8901 | D:10     | Lost mutation: You are resistant to hostile enchantments.
                  | (MR+) [potion of mutation]
  8901 | D:10     | Lost mutation: You have supernaturally acute eyesight.
                  | (SInv) [potion of mutation]
  8901 | D:10     | Lost mutation: [You are dopey. (Int -2)] [potion of
                  | mutation]
  8901 | D:10     | Lost mutation: Your natural rate of healing is unusually
                  | fast. [potion of mutation]
  8901 | D:10     | Gained mutation: [Your body sometimes deteriorates upon
                  | taking damage.] [potion of mutation]
  8901 | D:10     | Gained mutation: You are robust. (+10% HP) [potion of
                  | mutation]
  8985 | D:11     | Noticed an eight-headed hydra
  9023 | D:11     | Killed an eight-headed hydra
  9387 | D:11     | Noticed Harold
  9401 | D:11     | Killed Harold
  9413 | D:11     | Noticed a two-headed ogre
  9755 | D:11     | Reached XP level 12. HP: 85/85 MP: 12/12
  9777 | D:11     | Found a staircase to the Orcish Mines.
  9782 | D:11     | Reached ***** piety under the Shining One
  9882 | D:11     | Killed a two-headed ogre
 10131 | D:11     | Noticed a two-headed ogre
 10153 | D:11     | Killed a two-headed ogre
 10196 | D:11     | Found a staircase to the Lair.
 10213 | D:11     | Found a hide-covered altar of Uskayaw.
 10277 | Orc:1    | Entered Level 1 of the Orcish Mines
 10309 | Orc:1    | Noticed Snorg
 10327 | Orc:1    | Killed Snorg
 10327 | Orc:1    | Reached skill level 10 in Dodging
 10839 | Orc:2    | Entered Level 2 of the Orcish Mines
 10839 | Orc:2    | Found a staircase to the Elven Halls.
 10876 | Orc:1    | Found Hafat's Weapon Emporium.
 10876 | Orc:1    | Noticed an orc high priest
 10895 | Orc:1    | Killed an orc high priest
 10895 | Orc:1    | Reached skill level 10 in Shields
 11043 | Orc:2    | Noticed a two-headed ogre
 11161 | Orc:2    | Killed a two-headed ogre
 11395 | Orc:2    | Noticed a two-headed ogre
 11395 | Orc:2    | Noticed an ogre mage
 11399 | Orc:2    | Noticed a two-headed ogre
 11401 | Orc:2    | Noticed a two-headed ogre
 11402 | Orc:2    | Noticed an ogre mage
 11403 | Orc:2    | Noticed a two-headed ogre
 11405 | Orc:2    | Killed a two-headed ogre
 11405 | Orc:2    | Noticed an ogre mage
 11406 | Orc:2    | Noticed a two-headed ogre
 11413 | Orc:2    | Killed an ogre mage
 11415 | Orc:2    | Noticed a two-headed ogre
 11417 | Orc:2    | Noticed a two-headed ogre
 11421 | Orc:2    | Killed a two-headed ogre
 11421 | Orc:2    | Reached XP level 13. HP: 58/92 MP: 13/13
 11730 | Orc:1    | Reached skill level 10 in Maces & Flails
 12577 | Orc:2    | Found Hykad's Food Boutique.
 12577 | Orc:2    | Found Wyoxt's Magic Scroll Emporium.
 12627 | Orc:2    | Found Mobbox's Gadget Shoppe.
 12628 | Orc:2    | Found Xiqite Paru's Gadget Boutique.
 12637 | Orc:2    | Bought a scroll of magic mapping for 49 gold pieces
 12955 | Lair:1   | Entered Level 1 of the Lair of Beasts
 12960 | Lair:1   | Noticed Fannar
 13252 | Lair:1   | Killed Fannar
 14258 | Lair:2   | Gained mutation: Your large and strong wings let you fly
                  | indefinitely. [Gargoyle growth]
 14258 | Lair:2   | Reached XP level 14. HP: 100/100 MP: 14/14
 14476 | Lair:2   | Reached XP level 15. HP: 106/106 MP: 11/15
 14760 | Lair:2   | Found a hole to the Spider Nest.
 16014 | Lair:3   | Found a runed translucent door.
 16015 | Lair:3   | Found a shimmering altar of Xom.
 16015 | Lair:3   | Noticed Voldus's ghost (journeyman TrBe)
 16016 | Lair:3   | Identified the +3 war axe of the Wilderness {chaos, rC++
                  | Int+2 Dex-5}
 16244 | Lair:4   | Reached ****** piety under the Shining One
 16708 | Lair:4   | Found a staircase to the Shoals.
 17276 | Lair:5   | Identified the Compendium of Unholy Malediction
 17290 | Lair:5   | You are sucked into a shaft and drop 1 floor!
 17290 | Lair:6   | Entered Level 6 of the Lair of Beasts
 17607 | Lair:6   | Got a scorched shortbow
 18824 | Lair:5   | Reached XP level 16. HP: 97/114 MP: 16/16
 20876 | D:12     | Noticed Nessos
 20919 | D:12     | Killed Nessos
 21407 | D:13     | Found a gate to the Vaults.
 21407 | D:13     | Noticed Urug
 21409 | D:13     | Noticed Sonja
 21955 | D:12     | Killed Urug
 22354 | D:13     | Cast into level 2 of the Abyss (Sonja)
 22409 | Abyss:2  | Noticed a tentacled starspawn
 22839 | Abyss:2  | Mangled by a flayed ghost

Levels and vault maps discovered:
D:1:      saegor_arrival_simple_e, layout_loops_ring
D:2:      minmay_alternating_diamond, layout_rooms, marbit_many_paths
D:3:      kennysheep_slugbush, layout_basic
D:4:      layout_rooms, kennysheep_slug_shrine, xom_butterflies,
          grunt_temple_overflow_open, chei_slow_surprise
D:5:      layout_basic, first_ration, kennysheep_cluttered_room, uniq_pikel,
          uniq_prince_ribbit1
D:6:      layout_basic, st_stairs_9
D:7:      layout_rooms, okawaru_gym_becter, minmay_temple_entry_ruins,
          basic_altar, the_bakery, serial_bayou_pond_d,
          minmay_tree_intersection, uniq_joseph
D:8:      lemuel_ice_spiral_2, layout_basic, nicolae_qazlal_general_emergency,
          serial_shops, shop
D:9:      layout_cross, kennysheep_mini, serial_shops, shop, enter_bailey_2,
          grunt_decor_arrowhead
D:10:     layout_basic, uniq_josephine
D:11:     layout_rooms, grunt_lair_entry_orc_guard_hut, erik_orc_1, basic_altar,
          uniq_harold
D:12:     layout_rooms, uniq_nessos
D:13:     layout_cave_pools, david_vaults_3, uniq_sonja, uniq_urug
Lair:1:   layout_long_grid, uniq_fannar
Lair:2:   layout_gridlike, dummy_spider_entry, beast_lair_carwin_8,
          minmay_lair_oklob_chamber, infiniplex_staircase_pool_2,
          grunt_megastairs_3
Lair:3:   layout_big_grid, ebering_ghost_xom
Lair:4:   layout_cave_pods, minmay_shoals_entry_hut, lemuel_fruit_tree
Lair:5:   layout_misc_corridors, minmay_slime_entry_oklob_open,
          chequers_serial_rivers_micro_b, serial_bayou_shore_b,
          infiniplex_staircase_pool
Lair:6:   minmay_lair_end_enchanted_forest, layout_loops_ring,
          grunt_megastairs_5
Orc:1:    layout_caves, serial_shops, nicolae_shop_trees, uniq_snorg
Orc:2:    st_orc_ogre_mass, layout_caves
Abyss:2:  hangedman_steaming_rock, evilmike_abyss_exit_14,
          hangedman_abyss_shoalhut, evilmike_abyss_exit_14,
          hangedman_abyss_shoalhut, guppyfry_abyss_exit_spiral_guarded,
          hangedman_abyss_lost_library, evilmike_abyss_exit_1

Skill      XL: |  1  2  3  4  5  6  7  8  9 10 11 12 13 14 15 16 |
---------------+-------------------------------------------------+-----
Fighting       | 4 5 6 7 9 10 11 12 13 14 | 14.4
Maces & Flails | 3 4 5 6 8 9 10 11 12 13 | 13.2
Dodging        | 2 5 9 10 11 12 13 | 13.3
Armour         | 4 6 7 8 |  8.6
Shields        | 4 6 9 10 11 12 13 14 | 14.2

Action                   |  1- 3 |  4- 6 |  7- 9 | 10-12 | 13-15 | 16-18 || total
-------------------------+-------+-------+-------+-------+-------+-------++-------
Melee: Flail             |   136 |   145 |   305 |    43 |       |    21 ||   650
       Whip              |       |       |    99 |   864 |  1361 |   786 ||  3110
 Abil: Fly               |       |       |       |       |     1 |       ||     1
Evoke: Wand              |       |       |       |       |     2 |     1 ||     3
  Use: Scroll            |       |       |    15 |     7 |     3 |     3 ||    28
       Potion            |       |       |       |     6 |     1 |     7 ||    14
  Eat: Chunk             |       |     4 |     6 |    18 |    14 |    13 ||    55
       Ration            |       |       |     2 |       |     3 |       ||     5
Armor: Ring mail         |    54 |    96 |   200 |   272 |   302 |   244 ||  1168
       Scale mail        |     4 |       |       |       |       |       ||     4
Dodge: Dodged            |    56 |    52 |   101 |   323 |   519 |   417 ||  1468
Block: Shield            |    76 |    88 |   159 |   505 |   776 |   558 ||  2162
